 Dungeon Crawl Stone Soup version 0.19.1-28-ge1247f7 (webtiles) character file.

1143 TuxedoFelix the Shield-Bearer (level 8, 0/103 HPs)
             Began as a Minotaur Fighter on Jan 21, 2017.
             Succumbed to yogakurto's ghost's sting
             ... on level 4 of the Dungeon.
             The game lasted 00:31:53 (4509 turns).

TuxedoFelix the Shield-Bearer (Minotaur Fighter)    Turns: 4509, Time: 00:31:54

Health: 0/103      AC: 24    Str: 24    XL:     8   Next: 15%
Magic:  7/7        EV:  2    Int: 10    God:
Gold:   164        SH: 11    Dex:  9    Spells: 0 memorised, 7 levels left

rFire  . . .     SeeInvis +     a - +2 long sword
rCold  . . .     Gourm    .     (armour currently unavailable)
rNeg   + + +     Faith    .     c - +1 shield
rPois  +         Spirit   .     (helmet currently unavailable)
rElec  .         Reflect  .     (cloak currently unavailable)
rCorr  +         Harm     .     (gloves currently unavailable)
MR     .....     NoTele   +     (boots currently unavailable)
Stlth  +.........               (no amulet)
                                r - ring of resist corrosion
                                o - ring of see invisible

@: brilliant, lethally poisoned (0 -> -6), tree-form
A: (retaliatory headbutt), (horns 0)
a: no special abilities


You were on level 4 of the Dungeon.
You were not hungry.
You were a tree.
You visited 1 branch of the dungeon, and saw 4 of its levels.
You also visited: Sewer.

You collected 164 gold pieces.

Inventory:

Hand Weapons
 a - a +2 long sword (weapon)
Armour
 b - a +0 scale mail (melded)
 c - a +1 shield (worn)
Jewellery
 o - a ring of see invisible (left branch)
 r - a ring of resist corrosion (right branch)
Wands
 p - a wand of flame (41/48)
Scrolls
 y - a scroll of noise
 A - a scroll of remove curse
Potions
 v - 2 potions of cure mutation
 x - a potion of flight
Comestibles
 f - a bread ration
 z - 4 fruits


   Skills:
 + Level 5.4 Fighting
 + Level 6.3 Long Blades
 + Level 6.7 Armour
 + Level 3.4 Dodging
 + Level 0.1 Stealth
 + Level 6.7 Shields
 + Level 0.1 Evocations


You had 7 spell levels left.
You didn't know any spells.

Dungeon Overview and Level Annotations

Branches:
Dungeon (4/15)
 Temple: D:4-7

Altars:
Kikubaaqudgha

Annotations:
D:4 Dowan, Duvessa


Innate Abilities, Weirdness & Mutations

((You reflexively headbutt those who attack you in melee.))
((You have a pair of horns on your head.))


Message History

The puff of flame hits yogakurto's ghost.
You destroy yogakurto's ghost!
You have reached level 8!
You feel stronger.
Evoking this partially-identified wand wasted a few charges.
* * * LOW HITPOINT WARNING * * *
You feel sick.
Unknown command.
There is a lethal amount of poison in your body!
There is a lethal amount of poison in your body!
There is a lethal amount of poison in your body!
There is a lethal amount of poison in your body!
There is a lethal amount of poison in your body!
There is a lethal amount of poison in your body!
There is a lethal amount of poison in your body!
You have no mutations to cure!
None of your equipped items are cursed.
You start eating the bread ration.
Keep eating?
You die...

#.....####....#
##.....####...###
#.#)..............###
#...................#
........#.#.......#.#
#####.....###.....#.#
####....÷##......#$#
...........#.......##
###......###((♣....#
#####.....## #.#####.#
.#......##.###.#
#W#########
.>..........#..#
#.........#
##.......##....#
#.#######.#
#.........##.#W#####.#
#.#
..........##.#..>.W..#
#[#
#.........##.###.#####
#.# ##.......### #..#
######.#


There were no monsters in sight!

Vanquished Creatures
  Pikel (D:4)
  The ghost of yogakurto the Stinger, an amateur TeVM (D:4)
  An ogre (D:3)
  A big kobold (Sewer)
  2 vampire bats (D:4)
  A jelly (D:3)
  An orc wizard (D:3)
  Jessica (D:3)
  Ijyb (D:3)
  Terence (D:2)
  2 worker ants (D:4)
  Robin (D:3)
  2 adders
  2 worms
  5 dart slugs
  A leopard gecko (D:2)
  6 orcs (D:3)
  18 bats
  2 giant cockroaches
  17 goblins
  11 hobgoblins
  8 jackals
  3 quokkas
  3 ball pythons
  6 frilled lizards
  5 kobolds
  18 rats
121 creatures vanquished.

Vanquished Creatures (others)
  A slave (D:4)
1 creature vanquished.

Grand Total: 122 creatures vanquished

Notes
Turn   | Place    | Note
-------+----------+-------------------------------------------
     0 | D:1      | TuxedoFelix the Minotaur Fighter began the quest for the Orb.
     0 | D:1      | Reached XP level 1. HP: 19/19 MP: 0/0
   155 | D:1      | Reached XP level 2. HP: 17/27 MP: 1/1
   728 | D:1      | Reached XP level 3. HP: 33/33 MP: 2/2
  1171 | D:1      | You fall through a shaft!
  1572 | D:2      | Noticed Terence
  1585 | D:2      | Killed Terence
  1585 | D:2      | Reached skill level 1 in Dodging
  1585 | D:2      | Reached XP level 4. HP: 29/40 MP: 3/3
  2603 | D:3      | Found a glowing drain.
  2622 | Sewer    | Entered a sewer
  2689 | Sewer    | Noticed a big kobold
  2706 | Sewer    | Killed a big kobold
  2706 | Sewer    | Reached XP level 5. HP: 42/47 MP: 4/4
  2765 | Sewer    | Found a white marble altar of Elyvilon.
  2995 | D:3      | Noticed Jessica
  2999 | D:3      | Noticed Robin
  3001 | D:3      | Killed Jessica
  3019 | D:3      | Killed Robin
  3019 | D:3      | Reached XP level 6. HP: 50/53 MP: 5/5
  3144 | D:3      | Noticed Ijyb
  3154 | D:3      | Killed Ijyb
  3154 | D:3      | Reached skill level 5 in Shields
  3266 | D:3      | Reached skill level 5 in Armour
  3589 | D:3      | Reached skill level 5 in Long Blades
  3679 | D:3      | Found an ancient bone altar of Kikubaaqudgha.
  3886 | D:4      | Reached skill level 5 in Fighting
  3894 | D:4      | Reached XP level 7. HP: 55/61 MP: 6/6
  4060 | D:4      | Noticed Pikel
  4073 | D:4      | Killed Pikel
  4343 | D:4      | Noticed yogakurto's ghost (amateur TeVM)
  4345 | D:4      | Noticed Duvessa
  4351 | D:4      | Noticed Dowan
  4505 | D:4      | HP: 3/91 [poisoned by yogakurto's ghost (toxic radiance)]
  4507 | D:4      | HP: 1/91 [poisoned by yogakurto's ghost (sting)]
  4508 | D:4      | Killed yogakurto's ghost
  4508 | D:4      | Reached XP level 8. HP: 2/69 MP: 7/7
  4509 | D:4      | Succumbed to yogakurto's ghost's sting

Skill      XL: |  1  2  3  4  5  6  7 |
---------------+----------------------+-----
Armour         | 4 5 6 |  6.7
Fighting       | 4 5 |  5.4
Shields        | 4 5 6 |  6.7
Long Blades    | 3 4 5 6 |  6.3
Dodging        | 1 2 3 |  3.4
Stealth        | |  0.1
Evocations     | |  0.1

Action                   |  1- 3 |  4- 6 |  7- 9 || total
-------------------------+-------+-------+-------++-------
Melee: Long sword        |   103 |   136 |    36 ||   275
       Headbutt          |     9 |    22 |     5 ||    36
Throw: Tomahawk          |       |       |     2 ||     2
Evoke: Wand              |       |       |     4 ||     4
  Use: Potion            |     3 |     4 |     9 ||    16
       Scroll            |       |       |    14 ||    14
  Eat: Chunk             |     2 |     6 |     1 ||     9
       Pizza             |       |     1 |     1 ||     2
Armor: Scale mail        |    53 |    61 |    15 ||   129
       Skin              |       |       |     5 ||     5
Dodge: Dodged            |    38 |    47 |    20 ||   105
Block: Shield            |    57 |    70 |    40 ||   167
       Rpst.: Long sword |    13 |    14 |     9 ||    36
